 Dungeon Crawl Stone Soup version 0.26.0-10-g1f06aea511 (webtiles) character file.

Game seed: 4123939144827441599

21 inc the Vexing (level 2, -3/11 HPs)
             Began as a Felid Enchanter on Feb 1, 2021.
             Slain by a worm (12 damage)
             ... on level 2 of the Dungeon.
             The game lasted 00:01:21 (1512 turns).

inc the Vexing (Felid Enchanter)                    Turns: 1512, Time: 00:01:22

Health: -3/11      AC:  1    Str:  4    XL:     2   Next: 62%
Magic:  6/6        EV: 18    Int: 16    God:
Gold:   83         SH:  5    Dex: 16    Spells: 4/5 levels left
                                        Lives:  0   Deaths: 0

rFire    . . .     SeeInvis +     - Unarmed
rCold    . . .     Faith    .   (shield unavailable)
rNeg     . . .     Spirit   .   (armour unavailable)
rPois    .         Reflect  +   (helmet unavailable)
rElec    .         Harm     .   (cloak unavailable)
rCorr    .         Rampage  .   (gloves unavailable)
Will     .....                  (boots unavailable)
Stlth    +++.......             e - amulet of reflection
HPRegen  0.03/turn              (no ring)
MPRegen  0.10/turn              (no ring)

@: quick
A: very small, no armour, no weapons or thrown items, stealth, claws 1, fangs 3,
see invisible, speed 1, shaggy fur 1, sharp paws
a: no special abilities


You were on level 2 of the Dungeon.
You visited 1 branch of the dungeon, and saw 2 of its levels.

You collected 83 gold pieces.

Inventory:

Jewellery
 e - an amulet of reflection (around neck)
Scrolls
 c - a scroll of immolation {unknown}
 f - a scroll of teleportation {unknown}
Potions
 a - a potion of curing {unknown}
 b - 2 potions of heal wounds {unknown}
 d - a potion of magic {unknown}
 g - a potion of mutation {unknown}


   Skills:
 - Level 2.6 Dodging
 - Level 4.0 Stealth
 + Level 2.7 Unarmed Combat
 - Level 2.0 Spellcasting
 - Level 4.4 Hexes


You had 4 spell levels left.
You knew the following spells:

 Your Spells              Type           Power        Failure   Level
a - Corona                Hex            16%          3%          1

Your spell library contained the following spells:

 Spells                   Type           Power        Failure   Level
 Confusing Touch          Hex            15%          11%         3
 Tukima's Dance           Hex            15%          11%         3
 Ensorcelled Hibernation  Hex/Ice        16%          13%         2
 Dazzling Flash           Conj/Hex       16%          26%         3


Dungeon Overview and Level Annotations

Branches:
Dungeon (2/15)

Altars:
Qazlal


Innate Abilities, Weirdness & Mutations

You cannot wear armour.
You are incapable of wielding weapons or throwing items.
Your paws allow you to move quietly. (Stealth)
You have sharp claws.
You have razor-sharp teeth.
You have supernaturally acute eyesight. (SInv)
You cover ground quickly.
You are covered in fur. (AC +1)
Your sharp claws are effective at attacking unaware monsters.


Message History

You barely miss the worm.
The worm is lightly wounded.
The worm barely misses you.
You scratch the worm.
The worm is lightly wounded.
You scratch the worm.
The worm is moderately wounded.
The worm completely misses you.
You barely miss the worm.
The worm is moderately wounded.
You claw the worm! You bite the worm, but do no damage.
The worm is severely wounded.
The worm bites you.
You scratch the worm.
The worm is severely wounded.
You barely miss the worm.
The worm is severely wounded.
The worm bites you!
Ouch! That really hurt!
You die...

######### #.....>.#
### #....w..# ##.##
###@.######.#.##
#........[.###.#
.....#..#.#....#..#
.)..######.#####.#.#
.#.....#....ยง###.#.#
# ...#.....##..#.#
#...._.....##.#
####.....#.....#
#<.#.....##.####


You could see a worm.

Vanquished Creatures
  3 dart slugs (D:1)
  A giant cockroach (D:1)
  A goblin (D:1)
  2 hobgoblins (D:1)
  A ball python (D:1)
  2 bats (D:1)
  2 frilled lizards (D:1)
  A kobold (D:1)
  3 rats (D:1)
16 creatures vanquished.

Notes
Turn   | Place    | Note
-------+----------+-------------------------------------------
     0 | D:1      | inc the Felid Enchanter began the quest for the Orb.
     0 | D:1      | Reached XP level 1. HP: 7/7 MP: 4/4
   819 | D:1      | Reached XP level 2. HP: 11/11 MP: 6/6
  1476 | D:2      | Found a stormy altar of Qazlal.
  1512 | D:2      | Slain by a worm

Illustrated notes

Levels and vault maps discovered:
D:1:      psy_arrival_statuary, layout_loops_corners, minmay_crystal_room,
          hangedman_decor_growths, serial_bayou_pond_e
D:2:      layout_loops_cross, gammafunk_temple_overflow_arena,
          grunt_qazlal_clouds, evilmike_ruin_ashenzari, minmay_tripent,
          uniq_terence

Skill      XL: |  1 |
---------------+----+-----
Unarmed Combat | 2 |  2.7
Dodging        | |  2.6
Stealth        | |  4.0
Spellcasting   | |  2.0
Hexes          | |  4.4

Action                   || total
-------------------------++-------
Melee: Unarmed           ||    57
       Bite              ||     4
 Cast: Corona            ||     1
 Stab: Sleeping          ||     7
       Distracted        ||     1
Armor: Skin              ||     2
Dodge: Dodged            ||    31
Block: Other             ||     2
